AoeStats
← Orfen

Hideout

509453720Analyzed
1v1 RM · 6d ago on Sep 26, 2026· 31m 55s· 2 players
Game mode
Random Map
Map size
Tiny (2 player)
Population
200
Speed
Normal
Resources
Standard
Victory
Conquest
Starting age
Dark Age
Ending age
Imperial Age
RankedLock teamsTeams togetherTeam positionsShared explorationLock speedFull tech treeHidden civsTurbo modeCheats
Victory
Defeat
🇺🇦 Franks · Ukraine
806
+15
🇬🇧 Khmer · United Kingdom
795
-15
kung-fu-fightin
14:03 Feudal Age
12:19 Loom
18:39 Castle Age
16:44 Horse Collar
17:09 Double-Bit Axe
17:39 Gold Mining
Orfen
10:47 Feudal Age
9:05 Loom
10:51 Feudal Age
12:33 Double-Bit Axe
17:19 Castle Age
16:30 Stone Mining
17:07 Forging
17:42 Gold Mining
18:54 Bow Saw
21:48 Iron Casting
22:02 Scale Barding Armor
24:25 Husbandry
24:28 Fletching
27:34 Bodkin Arrow
35:05 Imperial Age
Connection lost

Rejoining the realm…

Still unreachable

The connection could not be restored.

Session expired

The server has moved on; the page needs a fresh start.